 Dungeon Crawl Stone Soup version 0.27.0-1-g7a089689b8 (webtiles) character file.

Game seed: 8925144038988401497

535 Froggeryz the Covert (level 7, -7/45 HPs)
             Began as an Octopode Brigand on Aug 2, 2021.
             Mangled by a yak (13 damage)
             ... on level 4 of the Dungeon.
             The game lasted 00:04:48 (3785 turns).

Froggeryz the Covert (Octopode Brigand)             Turns: 3785, Time: 00:04:49

Health: -7/45      AC:  5    Str: 10    XL:     7   Next: 25%
Magic:  7/7        EV: 13    Int: 13    God:
Gold:   193        SH:  0    Dex: 16    Spells: 6/6 levels left

rFire    . . .     SeeInvis .   n - +2 dagger (vamp)
rCold    + . .     Faith    .   (no shield)
rNeg     . . .     Spirit   .   (helmet restricted)
rPois    .         Reflect  .   o - amulet of the acrobat
rElec    .         Harm     .   f - +4 ring of protection
rCorr    .         Rampage  .   l - ring of protection from cold
Will     +....                  q - ring of willpower
Stlth    +++++.....             (no ring)
HPRegen  0.15/turn              (no ring)
MPRegen  0.10/turn              (no ring)
                                (no ring)
                                (no ring)

@: no status effects
A: almost no armour, amphibious, 8 rings, camouflage 1, gelatinous body 1,
(nimble swimmer 1), tentacles
a: no special abilities


You were on level 4 of the Dungeon.
You visited 1 branch of the dungeon, and saw 5 of its levels.

You collected 193 gold pieces.

Inventory:

Hand Weapons
 n - a +2 vampiric dagger (weapon)
Missiles
 b - 24 poisoned darts (quivered)
 c - 2 curare-tipped darts
 m - a throwing net
Armour
 h - a +0 buckler
Jewellery
 f - a +4 ring of protection (left tentacle)
 l - a ring of protection from cold (right tentacle)
 o - an amulet of the acrobat (around mantle)
 q - a ring of willpower (on tentacle)
Wands
 r - a wand of flame (13)
Scrolls
 a - 2 scrolls of magic mapping {unknown}
 e - a scroll of blinking {unknown}
 g - 2 scrolls of noise {unknown}
 i - 2 scrolls of identify {unknown}
 k - a scroll of fear {unknown}
 p - a scroll of amnesia {unknown}
Potions
 d - a potion of brilliance {unknown}
 j - a potion of degeneration {unknown}


   Skills:
 - Level 2.0 Fighting
 + Level 5.3 Short Blades
 - Level 2.0 Throwing
 - Level 1.0 Dodging
 - Level 8.1 Stealth
 * Level 3.2 Shields


You had 6 spell levels left.
You didn't know any spells.
Your spell library contained the following spells:

 Spells                   Type           Power      Damage    Failure   Level
 Slow                     Hex            0%         N/A       43%         2
 Confusing Touch          Hex            0%         N/A       67%         3
 Yara's Violent Unravell  Hex/Tmut       0%         3d3       100%        5


Dungeon Overview and Level Annotations

Branches:
Dungeon (5/15)
 Temple: D:4-7

Altars:
Kikubaaqudgha
Trog

Shops:
D:3 [

Annotations:
D:2 exclusions: 2 gnolls and goblin
D:5 Dowan, Grinder


Innate Abilities, Weirdness & Mutations

You cannot wear most types of armour.
You are amphibious.
You can wear up to eight rings at the same time.
Your skin changes colour to match your surroundings (Stealth+).
Your rubbery body absorbs attacks. (AC +1, EV +1)
((You are camouflaged near water. (Stealth+)))
You have tentacles for arms and can constrict up to eight enemies at once.


Message History

The yak gores you.
You hit the yak but do no damage.
The yak is lightly wounded.
The yak gores you but does no damage.
You barely miss the yak.
The yak is lightly wounded.
The yak gores you!
You hit the yak.
The yak is moderately wounded.
You hit the yak.
You feel better.
The yak is moderately wounded.
The yak gores you.
You completely miss the yak.
The yak is moderately wounded.
The yak gores you.
You hit the yak but do no damage. You squeeze the yak, but do no damage.
The yak is moderately wounded.
The yak closely misses you.
You hit the yak. You squeeze the yak.
The yak is heavily wounded.
You hit the yak but do no damage. You squeeze the yak.
The yak is heavily wounded.
The yak gores you.
You hit the yak.
The yak is severely wounded.
The yak gores you!
* * * LOW HITPOINT WARNING * * *
You hit the yak but do no damage. Your squeeze misses the yak.
The yak is heavily wounded.
The yak gores you but does no damage.
You barely miss the yak. You squeeze the yak.
The yak is severely wounded.
You hit the yak.
The yak is severely wounded.
The yak gores you.
* * * LOW HITPOINT WARNING * * *
You hit the yak. You squeeze the yak, but do no damage.
The yak is almost dead.
The yak gores you!
You die...

###.......§°§.!...○§○............
###.......☼○§...[.§.§............
.........#####...#####....#.....#
###......# #°§°# #....#######
.......### #§°○# #....#
######.### #☼○☼# #....#
#...#####...#####....#
#....................#
######.........Y@.........#
..........................#
######...>...............(#
#....................#
#....................#
######################


You could see a yak.

Vanquished Creatures
  Duvessa (D:5)
  Edmund (D:4)
  A necrophage (D:4)
  A hound (D:4)
  An iguana (D:5)
  A scorpion zombie (D:5)
  An orc wizard (D:4)
  7 adders
  An adder skeleton (D:2)
  5 dart slugs
  4 orcs (D:4)
  13 ball pythons
  A bat (D:3)
  3 endoplasms
  3 giant cockroaches
  5 goblins
  4 hobgoblins
  6 jackals (D:4)
  A quokka (D:1)
  4 frilled lizards
  4 kobolds (D:3)
  2 rats
70 creatures vanquished.

Notes
Turn   | Place    | Note
-------+----------+-------------------------------------------
     0 | D:1      | Froggeryz the Octopode Brigand began the quest for the Orb.
     0 | D:1      | Reached XP level 1. HP: 14/14 MP: 1/1
   190 | D:1      | Found a faded altar of an unknown god.
   293 | D:1      | Reached XP level 2. HP: 13/19 MP: 2/2
  1142 | D:2      | Reached skill level 6 in Stealth
  1161 | D:2      | Reached XP level 3. HP: 20/24 MP: 3/3
  2057 | D:3      | Reached XP level 4. HP: 29/29 MP: 4/4
  2226 | D:3      | Found an ancient bone altar of Kikubaaqudgha.
  2240 | D:3      | Found Imitoces's Armour Shoppe.
  2557 | D:3      | You fall into a shaft and drop 1 floor!
  2558 | D:4      | Noticed Edmund
  2597 | D:4      | Killed Edmund
  2598 | D:4      | Reached skill level 7 in Stealth
  2598 | D:4      | Reached XP level 5. HP: 7/34 MP: 5/5
  2858 | D:4      | Reached XP level 6. HP: 39/39 MP: 6/6
  2863 | D:4      | Reached skill level 8 in Stealth
  3006 | D:4      | Found a bloodstained altar of Trog.
  3393 | D:4      | Noticed a necrophage
  3400 | D:4      | Killed a necrophage
  3401 | D:4      | Reached skill level 1 in Shields
  3583 | D:5      | Entered Level 5 of the Dungeon
  3583 | D:5      | Noticed Duvessa
  3583 | D:5      | Noticed Dowan
  3584 | D:5      | Noticed Grinder
  3584 | D:5      | Noticed a black bear
  3585 | D:5      | Killed Duvessa
  3586 | D:5      | Reached skill level 5 in Short Blades
  3586 | D:5      | Reached XP level 7. HP: 45/45 MP: 7/7
  3627 | D:5      | Noticed a yak
  3627 | D:5      | Noticed a yak
  3643 | D:5      | Noticed a yak
  3646 | D:5      | Noticed a yak
  3785 | D:4      | Mangled by a yak

Illustrated notes

Levels and vault maps discovered:
D:1:      kennysheep_arrival_seaside, layout_basic,
          ebering_ecumenical_altar_webs, minmay_shallow_snake_nest
D:2:      layout_loops_ring
D:3:      layout_loops_ring, mainiacjoe_overflow_alcove_2, serial_shops,
          nicolae_shop_window_shopping
D:4:      layout_rooms, marbit_many_paths, lemuel_flame_loot_1, uniq_edmund
D:5:      layout_rooms, hex_intersection, uniq_ijyb, uniq_duvessa, uniq_grinder,
          uniq_sigmund

Skill      XL: |  1  2  3  4  5  6  7 |
---------------+----------------------+-----
Stealth        | 6 7 8 |  8.1
Short Blades   | 3 4 5 |  5.3
Shields        | 2 3 |  3.2
Fighting       | |  2.0
Throwing       | |  2.0
Dodging        | |  1.0

Action                   |  1- 3 |  4- 6 |  7- 9 || total
-------------------------+-------+-------+-------++-------
Melee: Dagger            |    53 |    79 |    23 ||   155
       Constrict         |    12 |    19 |     1 ||    32
       Tentacles         |     7 |     9 |     8 ||    24
Throw: Dart              |       |    15 |       ||    15
 Stab: Sleeping          |    10 |     9 |     1 ||    20
       Distracted        |       |     1 |       ||     1
Armor: Skin              |     4 |    20 |     3 ||    27
Dodge: Dodged            |    25 |    32 |     4 ||    61
